[Event "EIWCC 2017"]
[Site "Riga"]
[Date "2017.04.16"]
[Round "6"]
[White "Osmanodja, Filiz"]
[Black "Sinitsina, Anastassia"]
[Result "1-0"]
[ECO "B24"]
[WhiteElo "2370"]
[BlackElo "2052"]
[Annotator "NA RC"]
[PlyCount "47"]
[EventDate "2017.??.??"]
[EventType "swiss"]
[EventCountry "LAT"]
[SourceTitle "playchess.com"]
[Source "ChessBase"]
[SourceQuality "1"]
[TimeControl "40/5400+30:1800+30"]

1. e4 c5 2. Nc3 Nc6 3. Bb5 Nd4 4. Bc4 e6 5. Nge2 Qc7 6. d3 Nxe2 7. Qxe2 a6 8. a4 Ne7 9. O-O Nc6 10. f4 Be7 11. Qg4 O-O 12. f5 Ne5 13. Qg3 Bd6 14. Bf4 Nxc4 15. f6 g6 16. Qg5 Bxf4 17. Rxf4 Nd6 18. e5 Ne8 $18 19. Rh4 h5 20. Rxh5 Qb6 21. Rh3 c4+ 22. Kh1 Qxb2 23. Rf1 Qxc3 24. Qh6 1-0

[Event "EIWCC 2017"]
[Site "Riga"]
[Date "2017.04.16"]
[Round "6"]
[White "Arda, Cagil Irmak"]
[Black "Warakomska, Anna"]
[Result "0-1"]
[ECO "B47"]
[WhiteElo "2089"]
[BlackElo "2343"]
[Annotator "NA RC"]
[PlyCount "110"]
[EventDate "2017.??.??"]
[EventType "swiss"]
[EventCountry "LAT"]
[SourceTitle "playchess.com"]
[Source "ChessBase"]
[SourceQuality "1"]
[TimeControl "40/5400+30:1800+30"]

1. e4 c5 2. Nf3 e6 3. d4 cxd4 4. Nxd4 Nc6 5. Nc3 Qc7 6. g3 d6 7. Bg2 Bd7 8. O-O {[%emt 0:01:16] LiveBook: 16 Games} a6 9. Re1 Be7 {[%emt 0:00:19] B47: Sicilian: Taimanov: 5 Nc3 Qc7 6 f4, 6 g3 and 6 Be2} 10. Nb3 (10. Nxc6 Bxc6 11. Qg4 h5 12. Qe2 h4 13. a4 Nf6 14. a5 Kf8 15. Be3 e5 16. Nd5 Nxd5 17. exd5 Bb5 18. c4 Qxc4 19. Qxc4 Bxc4 20. Rec1 Bd3 {½-½ (42) Navara,D (2702)-Movsesian,S (2705) Prague 2011}) 10... Rc8 11. f4 b5 12. a3 h5 13. h3 $146 (13. f5 Nf6 14. fxe6 fxe6 15. h3 O-O 16. Bg5 Be8 17. Qe2 {0-1 (45) Zdebskaja,N-Son,I (2215) Alushta 1999}) 13... Kf8 14. Qe2 Bf6 15. Be3 Bxc3 $1 16. bxc3 e5 ({Black should play} 16... Nf6 $14) 17. Rad1 Be6 18. Qd2 (18. Qf2 $16) 18... Ke7 19. Qf2 Nf6 20. Bb6 Qb8 21. Bf1 h4 22. g4 {[%emt 0:01:06] [#]} Nd7 ({Don't take} 22... exf4 23. Nd4 $15) (22... Bxg4 $1 $17 23. Rd2 (23. hxg4 Nxg4) 23... exf4) 23. Be3 exf4 24. Bxf4 Nce5 25. Nd4 Rxc3 $11 26. Nf5+ Bxf5 27. exf5 Kf8 28. Bg2 Qc7 29. Qd4 Rc4 30. Qxd6+ Qxd6 31. Rxd6 Rxf4 32. Rxe5 Nxe5 33. Rd8+ Ke7 34. Rxh8 Ra4 35. Ra8 Rxa3 36. Bf1 Kf6 37. Kf2 Kg5 38. Ke1 Kf4 39. Kd2 Nf3+ 40. Ke2 Nd4+ 41. Kd2 Nf3+ 42. Ke2 Ng1+ 43. Kd2 Nxh3 44. Bxb5 Nf2 45. Bc6 Nxg4 46. Rg8 Ne5 47. Bd5 g5 48. fxg6 fxg6 49. Rh8 Kg3 50. Re8 Nf3+ 51. Bxf3 Kxf3 52. Rg8 h3 53. Rxg6 h2 54. Rf6+ Kg2 55. Rg6+ Rg3 0-1

[Event "EIWCC 2017"]
[Site "Riga"]
[Date "2017.04.17"]
[Round "7"]
[White "Michna, Marta"]
[Black "Berzina, Ilze"]
[Result "1/2-1/2"]
[ECO "A01"]
[WhiteElo "2389"]
[BlackElo "2297"]
[Annotator "RC"]
[PlyCount "168"]
[EventDate "2017.??.??"]
[EventType "swiss"]
[EventCountry "LAT"]
[SourceTitle "playchess.com"]
[Source "ChessBase"]
[SourceQuality "1"]
[TimeControl "40/5400+30:1800+30"]

1. b3 e5 2. Bb2 Nc6 3. e3 d5 4. Bb5 Bd6 5. f4 Qe7 6. Nf3 Bg4 7. h3 Bxf3 8. Qxf3 Nf6 9. O-O O-O 10. Nc3 a6 11. Bxc6 bxc6 12. Rae1 Rfe8 13. Re2 Rab8 14. g4 Nd7 15. Rfe1 Qh4 16. Rf1 Re6 17. Rg2 exf4 18. Ne2 Ne5 19. Bxe5 Rxe5 20. Nxf4 Qe7 21. Nh5 Re4 22. Rgf2 Rf8 23. Rg2 h6 24. Ng3 Bxg3 25. Qxg3 c5 26. Rf5 d4 27. exd4 cxd4 28. g5 h5 29. g6 fxg6 30. Rxf8+ Qxf8 31. Qxg6 Re1+ 32. Kh2 h4 33. Qh6 Qe7 34. Qf4 c5 35. Rf2 Re2 36. Kg2 Re5 37. Kh2 Re2 38. Kg2 Re4 39. Qf5 Re5 40. Qc8+ Kh7 41. Qxa6 Rg5+ 42. Kf1 Rg6 43. Qd3 Qb7 44. a4 Kh6 45. Qf3 Qa6+ 46. Qe2 Qc6 47. Qf3 Qa6+ 48. d3 Rf6 49. Qe4 Rxf2+ 50. Kxf2 Qf6+ 51. Ke2 Qg5 52. a5 Qc1 53. Qxh4+ Kg6 54. Qg3+ Kh7 55. Qh4+ Kg8 56. Qe4 Qxc2+ 57. Kf3 Qxb3 58. a6 Qd1+ 59. Qe2 Qh1+ 60. Kg3 Qa1 61. Qe6+ Kh7 62. Qf5+ Kh8 63. Qh5+ Kg8 64. Qd5+ Kh7 65. Qf5+ Kh6 66. Qf4+ Kh7 67. Qe4+ Kh6 68. Qe6+ g6 69. Kf4 Qf1+ 70. Ke5 Qxd3 71. a7 Qg3+ 72. Kf6 Qf4+ 73. Ke7 Qc7+ 74. Qd7 Qe5+ 75. Kd8 Qe4 76. Kc7 d3 77. Qd8 Qf4+ 78. Kc8 Qf5+ 79. Kc7 Qf4+ 80. Kc8 Qf5+ 81. Kb7 Qe4+ 82. Kc7 Qf4+ 83. Kc8 Qf5+ 84. Kc7 Qf4+ 1/2-1/2

[Event "EIWCC 2017"]
[Site "Riga"]
[Date "2017.04.17"]
[Round "7"]
[White "Mamedjarova, Zeinab"]
[Black "Hoolt, Sarah"]
[Result "1/2-1/2"]
[ECO "A46"]
[WhiteElo "2322"]
[BlackElo "2398"]
[Annotator "ChessBase"]
[PlyCount "198"]
[EventDate "2017.??.??"]
[EventType "swiss"]
[EventCountry "LAT"]
[SourceTitle "playchess.com"]
[Source "ChessBase"]
[SourceQuality "1"]
[TimeControl "40/5400+30:1800+30"]

1. d4 Nf6 2. Nf3 e6 3. e3 b6 4. Bd3 Bb7 5. Nbd2 c5 6. O-O Nc6 7. Re1 Be7 8. b3 cxd4 9. exd4 Nb4 10. Bf1 Nfd5 11. Bb2 Rc8 12. c4 Nf4 13. Ne4 d5 14. Ng3 O-O 15. Qd2 Qc7 16. c5 Nc6 17. b4 Rce8 18. a4 f6 19. Bc3 Bd8 20. b5 Na5 21. c6 Bc8 22. Qc2 Be7 23. Nd2 Bd6 24. Kh1 Qf7 25. Nb3 Nc4 26. a5 h5 27. axb6 axb6 28. Ne2 Ng6 29. Nd2 Nxd2 30. Qxd2 e5 31. Bb4 Qe7 32. Bxd6 Qxd6 33. Nc3 e4 34. Qa2 Be6 35. Qd2 h4 36. Ra6 Rb8 37. Rc1 h3 38. g3 f5 39. Qg5 Rf6 40. Bxh3 Ne7 41. Qf4 Qxf4 42. gxf4 Nc8 43. Na4 Kf7 44. Bf1 Ke7 45. Be2 Bf7 46. Bd1 Rh6 47. Rc3 Kd6 48. Bb3 Be8 49. Rg3 g6 50. Nc3 Bf7 51. Ra1 Be6 52. f3 Ne7 53. Ra7 Rbh8 54. Ra2 Rh3 55. Rxh3 Rxh3 56. Bd1 exf3 57. Rf2 Rh8 58. Bxf3 Ra8 59. Re2 Ra3 60. Rc2 Rb3 61. Kg2 Rb4 62. Rd2 Rb3 63. Rd3 Nc8 64. Be2 Na7 65. Rg3 Rb4 66. Rxg6 Rxd4 67. Rg7 Nc8 68. Kg3 Rb4 69. Bf3 d4 70. Ne2 d3 71. Nc3 Rb3 72. Nd1 Rxb5 73. h4 Ra5 74. h5 Ra7 75. Rb7 Ra8 76. Rd7+ Kc5 77. Rxd3 Ne7 78. Nf2 b5 79. Re3 Kd6 80. Kh4 Bc4 81. h6 Rg8 82. Nd3 Ng6+ 83. Kh5 Bf7 84. Kg5 Ne5+ 85. Kh4 Nxf3+ 86. Rxf3 Rg4+ 87. Kh3 Rg6 88. Ne5 Rxh6+ 89. Kg3 Bd5 90. Rd3 Rh7 91. Rd1 b4 92. Nd3 Bxc6 93. Nxb4+ Kc7 94. Rc1 Rh6 95. Rc5 Kd7 96. Nxc6 Rxc6 97. Rxf5 Ke6 98. Re5+ Kf6 99. Ra5 Rc1 1/2-1/2

[Event "EIWCC 2017"]
[Site "Riga"]
[Date "2017.04.17"]
[Round "7"]
[White "Gvetadze, Sofio"]
[Black "Stetsko, Lanita"]
[Result "1/2-1/2"]
[ECO "A05"]
[WhiteElo "2292"]
[BlackElo "2226"]
[Annotator "ChessBase"]
[PlyCount "211"]
[EventDate "2017.??.??"]
[EventType "swiss"]
[EventCountry "LAT"]
[SourceTitle "playchess.com"]
[Source "ChessBase"]
[SourceQuality "1"]
[TimeControl "40/5400+30:1800+30"]

1. Nf3 Nf6 2. g3 d5 3. Bg2 c6 4. O-O Bf5 5. d4 e6 6. c4 Be7 7. Nc3 O-O 8. Qb3 Qb6 9. c5 Qxb3 10. axb3 Na6 11. Bf4 Nd7 12. h3 f6 13. g4 Bc2 14. Rfc1 Bg6 15. Bd2 e5 16. e3 f5 17. Ra4 fxg4 18. hxg4 e4 19. Nh2 Nc7 20. Ne2 h6 21. Nf4 Bh7 22. Bf1 g5 23. Nh5 Ne6 24. Ng3 Rf7 25. b4 Nc7 26. Be2 a6 27. Nhf1 Nf8 28. Be1 Nfe6 29. Nd2 Raf8 30. Nb3 Ne8 31. Na5 Bd8 32. Nxc6 bxc6 33. Rxa6 Nf4 34. exf4 gxf4 35. Rxc6 fxg3 36. fxg3 Bg5 37. Rd1 Nf6 38. Rd6 e3 39. c6 Be4 40. Re6 Nxg4 41. Rxe4 Nf2 42. Re5 Nxd1 43. Rxd5 Nxb2 44. Ra5 Bf6 45. Bc3 Bd8 46. Ra2 Nd1 47. Be1 Bb6 48. Bc4 Bxd4 49. Rc2 Kg7 50. Bxf7 Kxf7 51. Rc4 Bb6 52. c7 Rc8 53. Rc6 Bxc7 54. b5 e2 55. Kh1 Ke7 56. Rc2 Kd7 57. Rxe2 Bd6 58. b6 Rb8 59. Rh2 Rh8 60. b7 Ne3 61. Bc3 Rf8 62. Rxh6 Bxg3 63. Bf6 Nf5 64. Rh8 Rxf6 65. b8=Q Bxb8 66. Rxb8 Rg6 67. Kh2 Ke6 68. Rb6+ Nd6 69. Ra6 Ke5 70. Ra5+ Kf4 71. Ra6 Re6 72. Kg2 Re2+ 73. Kf1 Rd2 74. Ke1 Rd5 75. Ra8 Ne4 76. Rf8+ Ke3 77. Re8 Rd7 78. Kf1 Rd1+ 79. Kg2 Re1 80. Re7 Re2+ 81. Kh3 Rf2 82. Re8 Rf6 83. Kg4 Rg6+ 84. Kf5 Rg5+ 85. Ke6 Nc5+ 86. Kf6+ Kf4 87. Re1 Rf5+ 88. Kg6 Rd5 89. Rf1+ Ke4 90. Re1+ Kd4 91. Rd1+ Nd3 92. Kf6 Ke4 93. Ra1 Rd6+ 94. Ke7 Rb6 95. Ra4+ Nb4 96. Ra1 Nd3 97. Ra4+ Kd5 98. Ra5+ Nc5 99. Ra1 Rb7+ 100. Kf6 Ne4+ 101. Kg6 Rb2 102. Ra5+ Ke6 103. Ra6+ Nd6 104. Kg5 Rb4 105. Rc6 Rd4 106. Ra6 1/2-1/2

[Event "EIWCC 2017"]
[Site "Riga"]
[Date "2017.04.17"]
[Round "7"]
[White "Ozturk, Kubra"]
[Black "Semenova, Elena"]
[Result "1/2-1/2"]
[ECO "E46"]
[WhiteElo "2261"]
[BlackElo "2212"]
[Annotator "ChessBase"]
[PlyCount "120"]
[EventDate "2017.??.??"]
[EventType "swiss"]
[EventCountry "LAT"]
[SourceTitle "playchess.com"]
[Source "ChessBase"]
[SourceQuality "1"]
[TimeControl "40/5400+30:1800+30"]

1. d4 Nf6 2. c4 e6 3. Nc3 Bb4 4. e3 O-O 5. Nge2 c6 6. a3 Ba5 7. Ng3 d5 8. Bd3 dxc4 9. Bxc4 c5 10. O-O cxd4 11. exd4 Nc6 12. b4 Bb6 13. d5 Bd4 14. dxc6 Bxc3 15. cxb7 Bxb7 16. Qxd8 Rfxd8 17. Rb1 Rac8 18. Be2 Ne4 19. Bf3 Nxg3 20. hxg3 Bxf3 21. gxf3 Bd4 22. Rb3 Rc2 23. Be3 Bxe3 24. Rxe3 g6 25. f4 Rd5 26. Rfe1 h5 27. Rb1 Rdd2 28. Rf3 Kg7 29. Re1 Rd5 30. Kg2 Rb2 31. Rc3 Ra2 32. Ree3 Rdd2 33. Rf3 Rd6 34. Rc7 a6 35. Ra7 Kf8 36. Rc3 Rdd2 37. Rf3 Rdb2 38. Rxa6 Rxb4 39. axb4 Rxa6 40. b5 Rb6 41. Rb3 Ke7 42. Kf3 Kd6 43. Ke4 f6 44. Kd4 Rb8 45. Kc4 Ra8 46. Kb4 Ra2 47. Rd3+ Kc7 48. Rc3+ Kb7 49. Rf3 Rc2 50. Re3 Rxf2 51. Rxe6 h4 52. gxh4 Rxf4+ 53. Kc5 Rxh4 54. Rb6+ Kc7 55. Rxf6 Rh5+ 56. Kb4 Rh7 57. Rxg6 Kb7 58. Ka5 Rf7 59. Rg5 Re7 60. b6 Rh7 1/2-1/2

[Event "EIWCC 2017"]
[Site "Riga"]
[Date "2017.04.17"]
[Round "7"]
[White "Narva, Mai"]
[Black "Parhomenko, Margarita"]
[Result "1-0"]
[ECO "C02"]
[WhiteElo "2249"]
[BlackElo "1987"]
[Annotator "NA"]
[PlyCount "77"]
[EventDate "2017.??.??"]
[EventType "swiss"]
[EventCountry "LAT"]
[SourceTitle "playchess.com"]
[Source "ChessBase"]
[SourceQuality "1"]
[TimeControl "40/5400+30:1800+30"]

1. e4 e6 2. d4 d5 3. e5 c5 4. c3 Nc6 5. Nf3 Qb6 6. a3 c4 7. Nbd2 Na5 8. g3 Bd7 9. Bg2 O-O-O 10. O-O {[%emt 0:00:32] C02: French: Advance Variation} f5 11. exf6 gxf6 12. Re1 Bd6 13. Nf1 $146 (13. Bh3 Bc7 14. Rb1 Kb8 15. b4 cxb3 16. Nxb3 Ne7 17. Nfd2 Qc6 {1-0 (36) Grischuk,A (2771)-Vitiugov,N (2709) Moscow 2010}) 13... Ne7 14. Bh3 Bc7 15. Qe2 Nf5 16. Bxf5 exf5 17. Ne3 Qe6 18. Ng2 Qf7 19. Bf4 Rde8 20. Qc2 Nb3 21. Rad1 Re4 22. Bxc7 Kxc7 23. Nd2 Nxd2 24. Qxd2 Ba4 25. f3 Ree8 26. Qf4+ Kc6 27. Rc1 Rxe1+ $18 28. Rxe1 Qd7 29. Ne3 Re8 30. Kf2 Qe6 31. Ng2 Qd7 32. Rxe8 Qxe8 33. Qxf5 Qf7 34. Nf4 Bd1 35. Qc8+ Kb6 36. Qc5+ Ka6 37. Nxd5 b5 38. Qc6+ Ka5 39. Nc7 1-0

[Event "EIWCC 2017"]
[Site "Riga"]
[Date "2017.04.17"]
[Round "7"]
[White "Drljevic, Ljilja"]
[Black "Makka, Ioulia"]
[Result "1-0"]
[ECO "A00"]
[WhiteElo "2237"]
[BlackElo "2069"]
[Annotator "NA"]
[PlyCount "62"]
[EventDate "2017.??.??"]
[EventType "swiss"]
[EventCountry "LAT"]
[SourceTitle "playchess.com"]
[Source "ChessBase"]
[SourceQuality "1"]
[TimeControl "40/5400+30:1800+30"]

1. g3 d5 2. Bg2 c6 3. Nf3 Bg4 4. O-O Nd7 5. d3 Ngf6 6. Qe1 e5 {[%emt 0:13:11] LiveBook: 270 Games} 7. e4 {[%emt 0:00:33] A07: Réti Opening: New York and Capablanca Systems} (7. h3 Bxf3 8. Bxf3 e4 9. Bg2 Bc5 10. Nc3 Qe7 11. dxe4 dxe4 12. Bg5 h6 13. Bxf6 Nxf6 14. e3 O-O {½-½ (31) Kramnik,V (2801)-Anand,V (2784) Zuerich 2016}) 7... Bd6 8. h3 Bh5 9. Nh4 O-O 10. Nf5 Bc7 11. a4 Re8 $146 (11... Bg6 12. Nh4 Re8 13. Bg5 dxe4 14. dxe4 Nf8 {0-1 (47) Khotenashvili,B (2426)-Pogonina,N (2492) Khanty-Mansiysk 2016}) 12. a5 Nf8 13. b4 dxe4 14. dxe4 b6 15. a6 (15. axb6 $14 axb6 16. Rxa8 Qxa8 17. Bg5) 15... Ne6 16. Na3 Qd7 17. Bb2 Rad8 18. Nc4 Nf8 19. f4 exf4 20. Nxg7 $11 (20. gxf4 $16 {Black must now prevent Nxg7!} Qe6 21. Nce3 (21. Qg3 Bg6 22. Nxg7 Kxg7 $11)) 20... Kxg7 21. g4 b5 22. Qh4 Qe6 23. g5 bxc4 24. Bxf6+ Kg6 25. e5 Qf5 26. Rxf4 Bb6+ 27. Kh1 Qxc2 28. Bxd8 Rxe5 29. Rf6+ Kg7 30. Qxh5 Ng6 31. Raf1 Kg8 1-0

[Event "EIWCC 2017"]
[Site "Riga"]
[Date "2017.04.17"]
[Round "7"]
[White "Toma, Katarzyna"]
[Black "Grapsa, Georgia"]
[Result "1-0"]
[ECO "B50"]
[WhiteElo "2229"]
[BlackElo "2049"]
[Annotator "NA"]
[PlyCount "93"]
[EventDate "2017.??.??"]
[EventType "swiss"]
[EventCountry "LAT"]
[SourceTitle "playchess.com"]
[Source "ChessBase"]
[SourceQuality "1"]
[TimeControl "40/5400+30:1800+30"]

1. e4 c5 2. Nf3 d6 3. d4 Nf6 4. Bb5+ Nbd7 5. O-O cxd4 6. Qxd4 e5 7. Qd3 {[%emt 0:01:18] B51: Sicilian: Moscow Variation (3 Bb5+) without 3...Bd7} h6 8. c4 a6 9. Bxd7+ Bxd7 10. Nc3 Rc8 11. a4 Be7 12. Be3 O-O 13. a5 Be6 14. b3 Qc7 15. Nd2 $146 (15. h3 Qb8 16. Nh4 Rfe8 17. Rfd1 Bf8 18. Nf5 Kh7 {½-½ (45) Mastrovasilis,D (2595)-Indjic,A (2549) Kragujevac 2013}) 15... Nd7 16. Rfd1 Nc5 17. Qb1 f5 18. exf5 Bxf5 19. Qa2 Be6 20. Bxc5 dxc5 21. Nde4 Qc6 22. Nd5 Bh4 23. Qe2 Rcd8 24. Qh5 Bxd5 25. Qxh4 Bxe4 26. Rxd8 Bxg2 27. Rxf8+ Kxf8 28. Re1 Bf3 29. h3 e4 30. Qf4+ Kg8 31. Kh2 Qd7 32. Rg1 Qd4 33. Qg3 g5 34. h4 g4 35. Qb8+ Kg7 36. Qg3 Kf6 37. Qf4+ Kg6 38. Kg3 Kg7 39. h5 Qc3 40. Qc7+ Kh8 41. Qb8+ Kg7 42. Qxb7+ Kf6 43. Qxa6+ Ke5 44. Qxh6 Qxb3 $18 45. Qe3 Qxc4 46. Rc1 Qd3 47. Qxc5+ 1-0

[Event "EIWCC 2017"]
[Site "Riga"]
[Date "2017.04.17"]
[Round "7"]
[White "Gevorgyan, Maria"]
[Black "Beydullayeva, Govhar"]
[Result "1-0"]
[ECO "B24"]
[WhiteElo "2227"]
[BlackElo "2054"]
[Annotator "ChessBase"]
[PlyCount "131"]
[EventDate "2017.??.??"]
[EventType "swiss"]
[EventCountry "LAT"]
[SourceTitle "playchess.com"]
[Source "ChessBase"]
[SourceQuality "1"]
[TimeControl "40/5400+30:1800+30"]

1. e4 c5 2. Nc3 Nc6 3. Bb5 Nd4 4. Bc4 e6 5. Nge2 g6 6. d3 a6 7. Nxd4 cxd4 8. Ne2 Bg7 9. Bd2 Ne7 10. Qc1 O-O 11. O-O d5 12. exd5 Nxd5 13. Bh6 b5 14. Bb3 e5 15. Bd2 Bb7 16. Ng3 Rc8 17. Re1 Re8 18. f3 Qb6 19. a4 Ne7 20. a5 Qc7 21. Bh6 Bh8 22. Qg5 Bd5 23. Ne4 Bxb3 24. cxb3 Nd5 25. Rec1 Qd7 26. Rxc8 Rxc8 27. Rc1 Ne3 28. Rc5 Rxc5 29. Nxc5 Qc8 30. b4 f6 31. Qh4 g5 32. Qe4 f5 33. Qb7 Qxb7 34. Nxb7 Nd5 35. Nc5 Nxb4 36. Bxg5 Nc6 37. b4 Nxb4 38. Bd2 Nd5 39. Nxa6 Bf6 40. Nb8 b4 41. a6 b3 42. a7 Nc7 43. Bc1 Bg5 44. Bb2 e4 45. Na6 Na8 46. Nc5 exd3 47. Nxd3 Be3+ 48. Kf1 Kf7 49. Ne5+ Ke6 50. Nc4 Bg5 51. Ke2 Kd5 52. Kd3 Bf6 53. Na5 Be5 54. h3 Bg3 55. Nxb3 h5 56. Bxd4 Bd6 57. Nd2 Bc7 58. Bf2 Bd6 59. Nc4 Bc7 60. g3 Bd8 61. Ne3+ Ke6 62. Ng2 Ke5 63. Nf4 h4 64. Ng6+ Ke6 65. Nxh4 f4 66. g4 1-0

[Event "EIWCC 2017"]
[Site "Riga"]
[Date "2017.04.17"]
[Round "7"]
[White "Isgandarova, Khayala"]
[Black "Badelka, Olga"]
[Result "1-0"]
[ECO "B30"]
[WhiteElo "2211"]
[BlackElo "2362"]
[Annotator "NA RC"]
[PlyCount "99"]
[EventDate "2017.??.??"]
[EventType "swiss"]
[EventCountry "LAT"]
[SourceTitle "playchess.com"]
[Source "ChessBase"]
[SourceQuality "1"]
[TimeControl "40/5400+30:1800+30"]

1. e4 c5 2. Nf3 Nc6 3. Bb5 e6 4. O-O Nge7 5. Re1 Nd4 6. Nxd4 cxd4 7. d3 {[%emt 0:00:54] B30: Sicilian: 2...Nc6 3 Bb5, lines without ...g6} a6 8. Ba4 b5 9. Bb3 Nc6 10. Nd2 Bb7 11. f4 Qc7 12. Nf3 Bd6 13. e5 $146 (13. Qd2 h6 14. Rf1 O-O-O {0-1 (32) Vokhidov,S (2366)-Fedorov,A (2567) St Petersburg 2016}) 13... Bc5 14. Ng5 h6 15. Qh5 g6 16. Qh3 Be7 17. Ne4 O-O-O 18. c4 b4 19. c5 Kb8 20. Nd6 Bxd6 21. cxd6 Qb6 22. Bd1 f5 23. Qg3 Rhg8 24. h4 Rc8 25. Bd2 Nd8 26. Rc1 (26. Bb3 $16) 26... Rxc1 27. Bxc1 Nf7 (27... Qa5 $11 {remains equal.}) 28. Bd2 a5 29. Bh5 Nh8 30. Rc1 Rc8 31. Rxc8+ Bxc8 32. Bd1 Qb5 33. Be2 $2 (33. h5 $18) 33... Qa4 34. Qe1 Qc2 35. Qc1 Qxc1+ 36. Bxc1 Kb7 37. h5 Kb6 38. hxg6 Nxg6 39. Bh5 Nf8 40. Kf2 Ba6 41. Ke2 Bb7 42. Bd2 Bxg2 43. Be1 Bh3 44. Kf3 Bg4+ 45. Bxg4 fxg4+ 46. Kxg4 Ng6 47. Bg3 Nh8 48. Kh5 Kc6 49. Bh4 Kd5 $18 50. Bf6 1-0

[Event "EIWCC 2017"]
[Site "Riga"]
[Date "2017.04.17"]
[Round "7"]
[White "De Seroux, Camille"]
[Black "Balaian, Alina"]
[Result "1-0"]
[ECO "C05"]
[WhiteElo "2122"]
[BlackElo "2229"]
[Annotator "ChessBase"]
[PlyCount "105"]
[EventDate "2017.??.??"]
[EventType "swiss"]
[EventCountry "LAT"]
[SourceTitle "playchess.com"]
[Source "ChessBase"]
[SourceQuality "1"]
[TimeControl "40/5400+30:1800+30"]

1. e4 e6 2. d4 d5 3. Nd2 Nf6 4. e5 Nfd7 5. c3 b6 6. Bd3 Ba6 7. Ndf3 Bxd3 8. Qxd3 c5 9. Ne2 Be7 10. O-O Nc6 11. Re1 Rc8 12. Bd2 O-O 13. Ng3 Re8 14. h3 f5 15. exf6 Bxf6 16. Nh5 c4 17. Qc2 e5 18. Qf5 Rc7 19. Bg5 Bxg5 20. Nxg5 Nf8 21. dxe5 h6 22. Nf3 Qd7 23. Qxd7 Rxd7 24. Rad1 Ng6 25. e6 Rd6 26. Nd4 Nce5 27. f4 Nd3 28. Rf1 Rf8 29. f5 Ne7 30. Rd2 Nc5 31. g4 Ne4 32. Re2 a6 33. Kg2 Nf6 34. Nxf6+ gxf6 35. Rd1 Kg7 36. Red2 h5 37. Nc2 hxg4 38. hxg4 Rfd8 39. Ne3 b5 40. Kg3 a5 41. Kf4 Rh8 42. g5 fxg5+ 43. Ke5 Nc8 44. Rxd5 Rh3 45. Ng4 Rxd5+ 46. Rxd5 Rd3 47. Rd7+ Kf8 48. Rf7+ Ke8 49. Nf6+ Kd8 50. Nd5 Ke8 51. Rh7 Rxd5+ 52. Kxd5 Ne7+ 53. Ke5 1-0

[Event "EIWCC 2017"]
[Site "Riga"]
[Date "2017.04.17"]
[Round "7"]
[White "Kouvatsou, Maria"]
[Black "Kazarian, Anna-Maja"]
[Result "1-0"]
[ECO "C00"]
[WhiteElo "2016"]
[BlackElo "2257"]
[Annotator "ChessBase"]
[PlyCount "115"]
[EventDate "2017.??.??"]
[EventType "swiss"]
[EventCountry "LAT"]
[SourceTitle "playchess.com"]
[Source "ChessBase"]
[SourceQuality "1"]
[TimeControl "40/5400+30:1800+30"]

1. e4 e6 2. d3 c5 3. Nf3 Nc6 4. g3 d6 5. Bg2 Nf6 6. O-O Be7 7. Re1 d5 8. e5 Nd7 9. h4 h6 10. h5 Qc7 11. Bf4 Qb6 12. Qc1 Nf8 13. c4 d4 14. a3 Bd7 15. Nbd2 O-O-O 16. b4 cxb4 17. Ne4 bxa3 18. c5 Qb2 19. Rxa3 Qxc1 20. Rxc1 Kb8 21. Rb1 Bc8 22. Ra4 Nd7 23. Rc4 g5 24. hxg6 fxg6 25. g4 g5 26. Bg3 Ka8 27. Nd6 Bxd6 28. cxd6 Nb6 29. Rc5 Nd5 30. Rb3 Bd7 31. Nd2 Nc3 32. Ne4 Nxe4 33. Bxe4 Rc8 34. Rcb5 Rb8 35. f3 Rhc8 36. Bf2 b6 37. Bxd4 Rb7 38. Bf2 Kb8 39. Kg2 Nd8 40. Bxb7 Kxb7 41. R5b4 Nc6 42. Re4 Na5 43. Ra3 Rc2 44. Kg3 Nc6 45. Re1 Nb4 46. Rh1 a5 47. Rxh6 Nd5 48. Rg6 a4 49. Rxg5 b5 50. Rg7 Kc6 51. g5 Nc3 52. g6 b4 53. Rxd7 bxa3 54. g7 Kxd7 55. g8=Q a2 56. Qf7+ Kc6 57. Qc7+ Kb5 58. Qb6# 1-0

[Event "EIWCC 2017"]
[Site "Riga"]
[Date "2017.04.17"]
[Round "7"]
[White "Narva, Regina"]
[Black "Movileanu, Daniela"]
[Result "1/2-1/2"]
[ECO "B50"]
[WhiteElo "2000"]
[BlackElo "2213"]
[Annotator "NA"]
[PlyCount "49"]
[EventDate "2017.??.??"]
[EventType "swiss"]
[EventCountry "LAT"]
[SourceTitle "playchess.com"]
[Source "ChessBase"]
[SourceQuality "1"]
[TimeControl "40/5400+30:1800+30"]

1. e4 c5 2. Nf3 d6 3. c3 Nf6 4. Be2 Bg4 5. h3 Bh5 6. O-O e6 7. d4 cxd4 8. cxd4 d5 9. exd5 Nxd5 10. Ne5 Bxe2 11. Qxe2 Nc6 12. Nxc6 bxc6 13. Nc3 Be7 14. Be3 O-O 15. Rac1 Rb8 16. Rc2 Qa5 17. Nxd5 cxd5 18. b3 Ba3 $11 19. Qg4 Rfc8 20. Re2 Qa6 21. Bf4 Bd6 22. Bh6 Bf8 23. Bf4 Bd6 24. Bh6 Bf8 25. Bf4 1/2-1/2

[Event "EIWCC 2017"]
[Site "Riga"]
[Date "2017.04.17"]
[Round "7"]
[White "Heinatz, Maria"]
[Black "Caglar, Sila"]
[Result "1/2-1/2"]
[ECO "A48"]
[WhiteElo "1990"]
[BlackElo "2093"]
[Annotator "NA"]
[PlyCount "95"]
[EventDate "2017.??.??"]
[EventType "swiss"]
[EventCountry "LAT"]
[SourceTitle "playchess.com"]
[Source "ChessBase"]
[SourceQuality "1"]
[TimeControl "40/5400+30:1800+30"]

1. Nf3 Nf6 2. d4 g6 3. Bg5 d6 4. e3 Bg7 5. Bd3 O-O 6. Nbd2 Nbd7 7. O-O c5 8. c3 {[%emt 0:04:36] A48: 1 d4 Nf6 2 Nf3 g6: Torre, London and Colle Systems} Qc7 (8... b6 9. Re1 Bb7 10. e4 h6 11. Bh4 g5 12. Bg3 Nh5 13. d5 Nxg3 14. hxg3 Nf6 15. Nc4 {½-½ (52) Shengelia,D (2573)-Wagner,D (2569) Zillertal 2015}) 9. Re1 Re8 10. e4 $146 (10. h3 e5 11. dxe5 Nxe5 12. Bc2 d5 13. Nxe5 Qxe5 14. Nf3 Qd6 15. Bf4 Qb6 {½-½ (31) Guth,S (1728)-Kaulbars,P (1540) Offenbach 2012}) 10... h6 11. Bxf6 Bxf6 12. Qe2 Bg7 13. e5 dxe5 14. dxe5 Nf8 15. Bc4 Ne6 16. Qe4 Bd7 17. Nh4 Rad8 18. Ndf3 ({Much weaker is} 18. Nxg6 b5 19. Bd5 Ng5 $17) 18... Bc6 19. Qg4 h5 20. Qg3 ({White should try} 20. Qh3 $1 $14 Nf8 {[#]} 21. Nxg6 $1 ) 20... Bd5 21. Bb5 Bc6 22. Bc4 Bd5 23. Bb5 Rf8 24. Ng5 Nxg5 25. Qxg5 Be6 26. Qe3 Rd5 27. Nf3 c4 28. Ba4 Bg4 29. e6 Bxe6 30. Bc2 $17 Bg4 31. Qxe7 Qxe7 32. Rxe7 Bxf3 33. gxf3 Rb5 34. Be4 Rxb2 35. Rxb7 Bxc3 36. Rc1 Rxb7 37. Bxb7 Bd4 38. Rxc4 Rd8 39. Rc8 Rxc8 40. Bxc8 g5 41. f4 gxf4 42. Kg2 Kg7 43. h3 Kf6 44. Ba6 Kg5 45. f3 Bc5 46. Bc4 f6 47. Be6 a5 48. Bf7 1/2-1/2

[Event "EIWCC 2017"]
[Site "Riga"]
[Date "2017.04.17"]
[Round "7"]
[White "Limanovska, Elizabete"]
[Black "Mammadova, Narmin"]
[Result "0-1"]
[ECO "C03"]
[WhiteElo "1990"]
[BlackElo "2240"]
[Annotator "NA"]
[PlyCount "68"]
[EventDate "2017.??.??"]
[EventType "swiss"]
[EventCountry "LAT"]
[SourceTitle "playchess.com"]
[Source "ChessBase"]
[SourceQuality "1"]
[TimeControl "40/5400+30:1800+30"]

1. e4 e6 2. d4 d5 3. Nd2 Be7 4. e5 Nh6 {[%emt 0:04:18] C03: French Tarrasch: Unusual Black 3rd moves} (4... c5 5. c3 Nc6 6. Bd3 Qb6 7. Ndf3 f6 8. Ne2 fxe5 9. Nxe5 Nxe5 10. dxe5 Bd7 11. O-O Qc7 12. c4 Qxe5 13. Bf4 Qh5 {1-0 (59) Kovalev,V (2598)-Sjugirov,S (2673) Moscow 2017}) 5. Bd3 c5 6. c3 Nc6 7. Ne2 cxd4 8. cxd4 {[%emt 0:00:06] LiveBook: 14 Games} ({Of course not} 8. Nxd4 Nxe5 9. Bc2 O-O $15) 8... Qb6 9. Nf3 Nf5 10. O-O Bd7 11. Bb1 h6 $146 (11... h5 12. Bxf5 exf5 13. Bg5 Qxb2 {0-1 (59) Martinez Piqueras,C (2141)-Ladron de Guevara Pinto,P (2320) Linares 2015}) 12. g4 Nh4 13. Nxh4 Bxh4 14. b3 Be7 15. Kh1 O-O-O 16. Be3 f6 17. exf6 gxf6 18. Nc3 $17 Qa5 19. Na4 Be8 20. Qe2 h5 21. f3 Qc7 22. Bd3 Kb8 23. Rac1 hxg4 24. fxg4 Bd6 25. Bg1 Qe7 26. Qf2 Rh6 27. Nc5 b6 28. Na4 Bd7 29. Bb5 Kb7 30. Rc3 Rdh8 31. Rfc1 Qh7 32. Bxc6+ Bxc6 33. Rxc6 Qe4+ 34. Qg2 Rxh2+ 0-1